 Dungeon Crawl Stone Soup version 0.31.0-32-g396128a36d (webtiles) character file.

Game seed: 8556794761168525974

538 Anonkat the Nimble (level 7, -2/76 HPs)
             Began as a Gnoll Wanderer on Apr 7, 2024.
             Was an Initiate of Vehumet.
             Slain by Eustachio the acid dragon (8 damage)
             ... on level 4 of the Dungeon.
             The game lasted 00:25:35 (3793 turns).

Anonkat the Nimble (Gnoll Wanderer)                 Turns: 3793, Time: 00:25:35

Health: -2/76      AC: 11    Str:  9    XL:     7   Next: 26%
Magic:  12/12      EV:  2    Int: 17    God:    Vehumet [......]
Gold:   235        SH:  5    Dex: 16    Spells: 13/13 levels left

rFire   . . .        a - +0 sling
rCold   . . .        o - +0 buckler
rNeg    . . .        p - melded +0 leather armour
rPois   +            h - melded +2 helmet
rElec   .            (cloak currently unavailable)
rCorr   .            s - melded +1 pair of gloves
SInv    .            (boots currently unavailable)
Will    .....        (no amulet)
Stlth   +++          m - ring of the Queen {rPois Int+6 Stlth+}
HPRegen 0.32/turn    (no ring)
MPRegen 0.13/turn

%: no passive effects
@: tree-form (expiring), corroded
A: stationary, stasis, torment immunity, boosted hp, (fangs 1), strong nose,
distributed training
a: Renounce Religion


You were on level 4 of the Dungeon.
You worshipped Vehumet.
Vehumet was noncommittal.
You were a tree.
You visited 1 branch of the dungeon, and saw 4 of its levels.

You collected 235 gold pieces.

Inventory:

Hand Weapons
 a - a +0 sling (weapon)
Armour
 h - a +2 helmet (melded)
 o - a +0 buckler (worn)
 p - a +0 leather armour (melded)
 s - a +1 pair of gloves (melded)
Jewellery
 m - the ring of the Queen (left branch) {rPois Int+6 Stlth+}
   (You found it on level 2 of the Dungeon)

   [ring of intelligence]

   Int+6:     It affects your intelligence (+6).
   rPois:     It protects you from poison Stlth+: It makes you more stealthy.
Wands
 k - a wand of light (7)
Scrolls
 l - a scroll of revelation
 q - a scroll of identify
 r - 2 scrolls of vulnerability
Potions
 b - a potion of enlightenment {unknown}
 f - a potion of might
 i - 2 potions of attraction
 j - a potion of curing


   Skills:
 + Level 2.5 Fighting
 + Level 2.5 Short Blades
 + Level 2.5 Long Blades
 + Level 2.5 Axes
 + Level 2.5 Maces & Flails
 + Level 2.5 Polearms
 + Level 2.5 Staves
 + Level 3.6 Ranged Weapons
 + Level 2.5 Throwing
 + Level 2.5 Armour
 + Level 10.7 Dodging
 + Level 3.4 Stealth
 + Level 2.5 Shields
 + Level 2.5 Unarmed Combat
 + Level 3.8 Spellcasting
 + Level 4.3 Conjurations
 + Level 2.0 Hexes
 + Level 2.0 Summonings
 + Level 2.0 Necromancy
 + Level 2.0 Translocations
 + Level 2.0 Fire Magic
 + Level 2.0 Ice Magic
 + Level 2.0 Air Magic
 + Level 2.0 Earth Magic
 + Level 2.0 Alchemy
 + Level 2.7 Invocations
 + Level 2.5 Evocations
 + Level 2.2 Shapeshifting


You had 13 spell levels left.
You didn't know any spells.
Your spell library contained the following spells:

 Spells                   Type           Power      Damage    Failure   Level
 Magic Dart               Conj           72%        1d6       4%          1
 Foxfire                  Conj/Fire      56%        2x1d6     7%          1
 Sting                    Conj/Alch      56%        1d6       7%          1
 Mercury Vapours          Alch/Air       20%        N/A       16%         2
 Scorch                   Fire           20%        2d5       16%         2
 Hailstorm                Conj/Ice       14%        3d6       21%         3
 Flame Wave               Conj/Fire      14%        2d6       54%         4
 Olgreb's Toxic Radiance  Alch           10%        N/A       71%         4
 Summon Cactus Giant      Summ           5%         N/A       100%        6


Dungeon Overview and Level Annotations

Branches:
Dungeon (4/15)             Temple (0/1) D:4

Altars:
Elyvilon
Fedhas
Gozag
Nemelex Xobeh
Vehumet

Annotations:
D:4 Eustachio


Innate Abilities, Weirdness & Mutations

You are a tree.
Your roots penetrate the ground, keeping you stationary.
You cannot be teleported.
You are immune to unholy pain and torment.
Your maximum health is greatly increased.
Your equipment is partially melded.
((You have very sharp teeth.))
Your uncanny sense of smell can sniff out nearby items.
Your experience applies equally to all skills.


Message History

You shoot a sling bullet.
The sling bullet completely misses Eustachio.
Eustachio spits acid at you. The splash of acid hits you!
The acid corrodes you!
You shoot a sling bullet.
The sling bullet closely misses Eustachio.
Eustachio bites you. You block Eustachio's attack. Eustachio bites you!
* * * LOW HITPOINT WARNING * * *
Eustachio claws you but does no damage.
You shoot a sling bullet.
The sling bullet closely misses Eustachio.
Eustachio bites you.
* * * LOW HITPOINT WARNING * * *
Eustachio claws you but does no damage.
You shoot a sling bullet.
The sling bullet closely misses Eustachio.
Eustachio bites you!
* * * LOW HITPOINT WARNING * * *
Eustachio claws you but does no damage.
You shoot a sling bullet.
The sling bullet hits Eustachio but does no damage.
Eustachio is severely wounded.
Your transformation is almost over.
You block Eustachio's attack. Eustachio claws you but does no damage.
You shoot a sling bullet.
The sling bullet hits Eustachio but does no damage.
Eustachio is severely wounded.
Eustachio bites you.
* * * LOW HITPOINT WARNING * * *
You block Eustachio's attack. Eustachio bites you.
* * * LOW HITPOINT WARNING * * *
Eustachio claws you but does no damage.
You shoot a sling bullet.
The sling bullet closely misses Eustachio.
Eustachio bites you but does no damage. You block Eustachio's attack.
You shoot a sling bullet.
The sling bullet hits Eustachio but does no damage.
Eustachio is severely wounded.
Eustachio bites you!
You die...

.##.# #S....... # .##.#
#.####### ##. .##.## #.#
#.# .⌠...# #.# ..#
.....# #.# #.# .>.⌠.#
#.# #####.# .....# #.#
#.....# .⌠...#
##.#########.#...#####
###÷[#
#....♣D.......).......
#..#
###..#######.#.#...#####
#..# #.......#
#.##.######
#..#####....##.#
#.##.###...
#............#.#
#.#...##.##
##.(.........##.#
#........##
#.#.....)...###.#
###...#####
###...####.#.###.# ##.##
# # ##.## #.......# #.#
#


You could see Eustachio the acid dragon.

Vanquished Creatures
  A blink frog (D:4)
  2 hounds (D:4)
  2 iguanas (D:4)
  Natasha (thrice) (D:2)
  Robin (D:2)
  5 adders
  2 ribbon worms (D:2)
  3 dart slugs
  9 orcs
  7 bats
  5 endoplasms
  3 giant cockroaches
  11 goblins
  8 hobgoblins
  8 jackals
  9 kobolds
  6 quokkas
  8 ball pythons
  4 frilled lizards
  10 rats
107 creatures vanquished.

Notes
Turn   | Place    | Note
-------+----------+-------------------------------------------
     0 | D:1      | Reached skill level 10 in Dodging
     0 | D:1      | Anonkat the Gnoll Wanderer began the quest for the Orb.
     0 | D:1      | Anonkat set off with the following items: a +0 sling, a +0
                  | pair of gloves, a potion of lignification, a +0 robe; and
                  | the following spells available to memorise: Magic Dart,
                  | Foxfire, Hailstorm.
     0 | D:1      | Reached XP level 1. HP: 13/13 MP: 4/4
   141 | D:1      | Reached XP level 2. HP: 19/19 MP: 5/5
   395 | D:1      | Reached XP level 3. HP: 24/25 MP: 7/7
   760 | D:2      | Reached skill level 1 in Invocations
   908 | D:2      | Reached skill level 1 in Fighting
   908 | D:2      | Reached skill level 1 in Short Blades
   908 | D:2      | Reached skill level 1 in Long Blades
   908 | D:2      | Reached skill level 1 in Axes
   908 | D:2      | Reached skill level 1 in Maces & Flails
   908 | D:2      | Reached skill level 1 in Polearms
   908 | D:2      | Reached skill level 1 in Staves
   908 | D:2      | Reached skill level 1 in Throwing
   908 | D:2      | Reached skill level 1 in Armour
   908 | D:2      | Reached skill level 1 in Shields
   908 | D:2      | Reached skill level 1 in Unarmed Combat
   908 | D:2      | Reached skill level 1 in Evocations
  1100 | D:2      | Reached skill level 1 in Shapeshifting
  1100 | D:2      | Reached XP level 4. HP: 26/32 MP: 8/8
  1107 | D:2      | Identified the ring of the Queen {rPois Int+6 Stlth+}
  1226 | D:2      | Found a faded altar of an unknown god.
  1273 | D:2      | Noticed Natasha
  1289 | D:2      | Killed Natasha
  1290 | D:2      | Reached skill level 1 in Hexes
  1290 | D:2      | Reached skill level 1 in Summonings
  1290 | D:2      | Reached skill level 1 in Necromancy
  1290 | D:2      | Reached skill level 1 in Translocations
  1290 | D:2      | Reached skill level 1 in Fire Magic
  1290 | D:2      | Reached skill level 1 in Ice Magic
  1290 | D:2      | Reached skill level 1 in Air Magic
  1290 | D:2      | Reached skill level 1 in Earth Magic
  1290 | D:2      | Reached skill level 1 in Alchemy
  1415 | D:2      | Noticed Robin
  1431 | D:2      | Killed Robin
  1432 | D:2      | Reached XP level 5. HP: 27/37 MP: 9/9
  1577 | D:2      | Noticed Natasha
  1588 | D:2      | Killed Natasha
  1784 | D:2      | Noticed Natasha
  1810 | D:2      | Killed Natasha
  2049 | D:3      | Found an opulent altar of Gozag.
  2321 | D:3      | Found a blossoming altar of Fedhas.
  2802 | D:4      | Found a sparkling altar of Nemelex Xobeh.
  2803 | D:4      | Found a radiant altar of Vehumet.
  2819 | D:4      | Became a worshipper of Vehumet
  2921 | D:4      | Reached XP level 6. HP: 20/44 MP: 11/11
  3133 | D:4      | Noticed a black bear
  3135 | D:4      | a black bear changed into a blink frog
  3135 | D:4      | Noticed a blink frog
  3157 | D:4      | Killed a blink frog
  3158 | D:4      | Reached XP level 7. HP: 24/51 MP: 12/12
  3278 | D:4      | Noticed Eustachio
  3281 | D:4      | Eustachio changed into Eustachio the wyvern
  3281 | D:4      | Noticed Eustachio
  3284 | D:4      | Eustachio the wyvern changed into Eustachio the acid dragon
  3284 | D:4      | Noticed Eustachio
  3437 | D:4      | Found a staircase to the Ecumenical Temple.
  3680 | D:4      | Found a white marble altar of Elyvilon.
  3793 | D:4      | Slain by Eustachio the acid dragon

Illustrated notes

Levels and vault maps discovered:
D:1:      dpeg_arrival_three_smaller_balls, layout_basic
D:2:      layout_basic, ebering_ecumenical_altar_abandoned, grunt_ministairs_1,
          uniq_robin, uniq_natasha
D:3:      layout_rooms, grunt_gozag_breadcrumbs, fedhas_altar_fruit_tree,
          chequers_big_river
D:4:      layout_loops_ring, chequers_temple_overflow_statue_of_worship,
          kennysheep_mini, temple_fountains, minmay_misc_feat_alley,
          uniq_eustachio, uniq_crazy_yiuf_cottage

Skill      XL: |  1  2  3  4  5  6  7 |
---------------+----------------------+-----
Dodging        | | 10.7
Invocations    | 1 2 |  2.7
Fighting       | 1 2 |  2.5
Short Blades   | 1 2 |  2.5
Long Blades    | 1 2 |  2.5
Axes           | 1 2 |  2.5
Maces & Flails | 1 2 |  2.5
Polearms       | 1 2 |  2.5
Staves         | 1 2 |  2.5
Throwing       | 1 2 |  2.5
Armour         | 1 2 |  2.5
Shields        | 1 2 |  2.5
Unarmed Combat | 1 2 |  2.5
Evocations     | 1 2 |  2.5
Spellcasting   | 3 |  3.8
Shapeshifting  | 1 2 |  2.2
Hexes          | 1 2 |  2.0
Summonings     | 1 2 |  2.0
Necromancy     | 1 2 |  2.0
Translocations | 1 2 |  2.0
Fire Magic     | 1 2 |  2.0
Ice Magic      | 1 2 |  2.0
Air Magic      | 1 2 |  2.0
Earth Magic    | 1 2 |  2.0
Alchemy        | 1 2 |  2.0
Ranged Weapons | 3 |  3.6
Conjurations   | 4 |  4.3
Stealth        | 3 |  3.4

Action                     |  1- 3 |  4- 6 |  7- 9 || total
---------------------------+-------+-------+-------++-------
  Melee: Unarmed           |       |    21 |       ||    21
   Fire: Sling             |   171 |   261 |    95 ||   527
  Evoke: Wand              |       |     2 |     2 ||     4
    Use: Scroll            |       |     5 |     4 ||     9
         Potion            |       |     2 |     7 ||     9
   Stab: Confused          |       |     1 |       ||     1
 Armour: Robe              |    77 |    25 |       ||   102
         Skin              |       |    40 |    23 ||    63
         Leather armour    |       |    52 |    35 ||    87
  Dodge: Dodged            |   147 |   188 |    63 ||   398
  Block: Buckler           |       |    56 |    26 ||    82
